 Dungeon Crawl Stone Soup version 0.22.1-2-g9c5b331383 (webtiles) character file.

91 Cykl0x the Shield-Bearer (level 4, -1/43 HPs)
             Began as a Gargoyle Fighter on Dec 5, 2018.
             Slain by Natasha (3 damage)
             ... on level 2 of the Dungeon.
             The game lasted 00:02:57 (1333 turns).

Cykl0x the Shield-Bearer (Gargoyle Fighter)         Turns: 1333, Time: 00:02:57

Health: -1/43      AC: 22    Str: 19    XL:     4   Next: 57%
Magic:  4/4        EV:  2    Int:  9    God:
Gold:   75         SH: 10    Dex: 10    Spells: 3/3 levels left

rFire    . . .     SeeInvis .   a - +0 war axe
rCold    . . .     Gourm    .   c - +1 shield
rNeg     + + +     Faith    .   (armour currently unavailable)
rPois    ∞         Spirit   .   (helmet currently unavailable)
rElec    .         Reflect  .   (cloak currently unavailable)
rCorr    .         Harm     .   (gloves currently unavailable)
MR       .....     NoTele   +   (boots currently unavailable)
Stlth    +.........             (no amulet)
HPRegen  0.14/turn              (no ring)
MPRegen  0.09/turn              (no ring)

@: tree-form
A: negative energy resistance 1, petrification resistance, rot immunity, AC +3
a: no special abilities


You were on level 2 of the Dungeon.
You were hungry.
You were a tree.
You visited 1 branch of the dungeon, and saw 2 of its levels.

You collected 75 gold pieces.

Inventory:

Hand Weapons
 a - a +0 war axe (weapon)
Missiles
 l - 18 stones (quivered)
Armour
 b - a +0 scale mail (melded)
 c - a +1 shield (worn)
Scrolls
 h - 2 scrolls of remove curse
 i - 3 scrolls of teleportation
 k - a scroll of immolation {unknown}
Potions
 d - 4 potions of might
 e - 2 potions of lignification
 j - 2 potions of curing {unknown}
Comestibles
 f - 3 rations


   Skills:
 + Level 3.6 Fighting
 + Level 3.0 Axes
 + Level 3.8 Armour
 + Level 0.2 Dodging
 + Level 0.1 Stealth
 + Level 3.9 Shields


You had 3 spell levels left.
You didn't know any spells.
Your spell library was empty.

Dungeon Overview and Level Annotations

Branches:
Dungeon (2/15)

Altars:

Annotations:
D:2 Natasha


Innate Abilities, Weirdness & Mutations

You are resistant to torment.
((Your stone body is resilient. (AC +3)))
You are immune to poison.
You resist negative energy. (rN+)
((You are resistant to electric shocks. (rElec)))
((You can survive without breathing.))
You are immune to petrification.
You are immune to rotting.


Message History

You block Natasha's attack.
The crimson imp blinks!
You closely miss Natasha.
Natasha is almost dead.
You hit the shadow imp. You block the shadow imp's attack.
You block Natasha's attack. Natasha claws you.
* * * LOW HITPOINT WARNING * * *
You block the shadow imp's attack.
You completely miss Natasha.
Natasha is almost dead.
You closely miss the shadow imp. Natasha claws you but does no damage.
The shadow imp hits you.
* * * LOW HITPOINT WARNING * * *
Natasha stares at you and mumbles some strange words.
The magic dart hits you!
You barely miss Natasha.
Natasha is almost dead.
You hit the shadow imp but do no damage.
Natasha claws you but does no damage.
The crimson imp blinks!
You block the shadow imp's attack. Natasha claws you.
You die...

#....# ...5.# #....#
§...####....#
#>..##......########
#...+.....#.........
#...##....#.#######.
#####...##......#
#..
#.....5.##...####
#.. #.....h♣....##
#.. #.....#.....#
##.. ##### #.....#
#... #.....# #...
#.....# #... #.....#
#... #####.# #... ..
####


You could see Natasha, a crimson imp and a shadow imp.

Vanquished Creatures
  A scorpion (D:2)
  An adder (D:2)
  2 dart slugs (D:1)
  4 bats
  2 giant cockroaches (D:2)
  4 goblins
  2 hobgoblins
  3 quokkas (D:2)
  2 frilled lizards
  3 kobolds
  4 rats
28 creatures vanquished.

Notes
Turn   | Place    | Note
-------+----------+-------------------------------------------
     0 | D:1      | Cykl0x the Gargoyle Fighter began the quest for the Orb.
     0 | D:1      | Reached XP level 1. HP: 14/14 MP: 1/1
   146 | D:1      | Reached XP level 2. HP: 15/19 MP: 2/2
   895 | D:2      | Reached XP level 3. HP: 21/23 MP: 3/3
  1011 | D:2      | Noticed a scorpion
  1018 | D:2      | Killed a scorpion
  1018 | D:2      | Reached XP level 4. HP: 29/29 MP: 4/4
  1316 | D:2      | Noticed Natasha
  1332 | D:2      | HP: 1/43 [shadow imp[Natasha] (4)]
  1333 | D:2      | Slain by Natasha

Skill      XL: |  1  2  3  4 |
---------------+-------------+-----
Axes           | 2 3 |  3.0
Fighting       | |  3.6
Armour         | |  3.8
Dodging        | |  0.2
Stealth        | |  0.1
Shields        | |  3.9

Action                   |  1- 3 |  4- 6 || total
-------------------------+-------+-------++-------
Melee: War axe           |    94 |    23 ||   117
  Use: Scroll            |     4 |       ||     4
       Potion            |       |     1 ||     1
  Eat: Chunk             |     1 |       ||     1
Armor: Scale mail        |    49 |    14 ||    63
       Skin              |       |     4 ||     4
Dodge: Dodged            |    26 |     8 ||    34
Block: Shield            |    58 |    17 ||    75
